Map: Dusk Towers

Players

FWNice (Nice) - Winner!

  • Race: Protoss Protoss

LiquidSnute (Snute)

  • Race: Zerg Zerg

Event: NationWars III

VOD

Have the link to the VOD?

Description

Time

  • Played on: Dec. 4, 2015, 1:15 p.m.
  • Length: 10:22
Show
View Real Time Build Order
Export as new Build Order

FWNice Protoss - Winner!

Build Orders:  

Get SALT Encoding   

  12  0:02  Probe (Chrono Boost)  
  13  0:12  Probe (Chrono Boost)  
  14  0:18  Pylon  
  14  0:23  Probe (Chrono Boost)  
  15  0:36  Probe (Chrono Boost)  
  16  0:46  Probe (Chrono Boost)  
  18  0:57  Probe (Chrono Boost)  
  18  1:07  Probe (Chrono Boost)  
  19  1:13  Nexus  
  19  1:18  Probe (Chrono Boost)  
  20  1:23  Gateway  
  20  1:29  Probe (Chrono Boost)  
  20  1:30  Assimilator  
  21  1:35  Assimilator  
  21  1:39  Probe (Chrono Boost)  
  22  1:47  Gateway  
  22  1:50  Probe (Chrono Boost)  
  23  1:57  Pylon  
  23  2:13  Cybernetics Core  
  24  2:15  Probe (Chrono Boost)  
  24  2:26  Probe (Chrono Boost)  
  24  2:27  Probe (Chrono Boost)  
  26  2:37  Probe (Chrono Boost)  
  27  2:38  Probe (Chrono Boost)  
  28  2:47  Probe (Chrono Boost)  
  28  2:48  Probe (Chrono Boost)  
  28  2:49  Adept x2 (Chrono Boost)  
  28  2:51  Warp Gate  
  34  2:59  Mothership Core (Chrono Boost)  
  34  3:00  Probe  
  37  3:07  Pylon  
  37  3:11  Stargate  
  37  3:12  Probe (Chrono Boost)  
  39  3:20  Probe (Chrono Boost)  
  39  3:21  Adept x2  
  39  3:23  Probe (Chrono Boost)  
  44  3:30  Probe (Chrono Boost)  
  46  3:34  Probe (Chrono Boost)  
  46  3:41  Probe (Chrono Boost)  
  47  3:42  Forge  
  47  3:49  Probe (Chrono Boost)  
  47  3:51  Probe (Chrono Boost)  
  49  3:55  Nexus  
  49  4:00  Probe (Chrono Boost)  
  49  4:01  Pylon  
  49  4:02  Probe (Chrono Boost)  
  51  4:06  Oracle (Chrono Boost)  
  54  4:17  Assimilator  
  54  4:18  Probe, Assimilator  
  54  4:19  Probe  
  54  4:21  Pylon  
  56  4:25  Pylon  
  56  4:29  Probe  
  57  4:31  Probe  
  57  4:38  Phoenix (Chrono Boost)  
  60  4:39  Probe  
  61  4:48  Stargate  
  61  4:52  Stargate  
  61  4:53  Probe  
  61  4:56  Pylon  
  61  4:57  Probe  
  63  5:05  Probe  
  64  5:08  Probe  
  64  5:09  Probe  
  66  5:15  Oracle (Chrono Boost)  
  66  5:17  Probe, Gateway  
  66  5:18  Probe, Gateway  
  66  5:20  Probe  
  71  5:22  Pylon  
  72  5:29  Probe x2  
  72  5:31  Probe  
  78  5:36  Oracle (Chrono Boost)  
  78  5:39  Probe  
  78  5:41  Probe  
  78  5:42  Probe  
  83  5:45  Oracle (Chrono Boost)  
  83  5:46  Protoss Ground Weapons Level 1, Assimilator  
  83  5:47  Assimilator  
  83  5:48  Pylon  
  84  5:50  Probe  
  84  5:55  Probe  
  86  5:59  Twilight Council  
  86  6:02  Pylon  
  86  6:05  Pylon  
  86  6:06  Gateway  
  86  6:08  Gateway  
  86  6:21  Oracle x2 (Chrono Boost)  
  92  6:29  Zealot x4  
  100  6:33  Gateway  
  100  6:34  Gateway  
  100  6:36  Gateway  
  100  6:37  Gateway  
  100  6:39  Oracle (Chrono Boost)  
  103  6:46  Pylon  
  103  6:47  Pylon  
  103  6:48  Charge (Chrono Boost)  
  103  7:01  Oracle (Chrono Boost)  
  106  7:13  Templar Archives  
  106  7:15  Gateway  
  106  7:16  Gateway  
  106  7:18  Zealot x5  
  116  7:29  Pylon  
  116  7:30  Pylon  
  113  7:44  Zealot x9  
  128  7:52  Robotics Facility  
  128  8:05  Pylon  
  119  8:07  High Templar x3  
  119  8:08  High Templar  
  119  8:09  Zealot x5  
  119  8:12  Archon x2  
  137  8:14  Zealot x2  
  141  8:32  Zealot x3  
  141  8:33  Zealot x2  
  151  8:39  Zealot x2  
  151  8:40  Zealot x4  
  163  8:43  Warp Prism (Chrono Boost)  
  140  9:13  Zealot x6  
  140  9:14  Zealot x5  
  140  9:15  Observer (Chrono Boost)  
  149  9:43  High Templar x2  
  149  9:44  High Templar x6  
  149  9:45  High Templar x3  
  168  9:48  Archon x2  
  168  9:49  Archon x3  
  142  10:16  Stalker x5  
  142  10:17  Stalker x2  
Show
View Real Time Build Order
Export as new Build Order

LiquidSnute Zerg 

Build Orders: 3 Hatch before Pool 

Get SALT Encoding   

  12  0:00  Drone  
  13  0:12  Overlord  
  13  0:17  Drone  
  14  0:30  Drone x2  
  14  0:35  Drone  
  17  0:54  Hatchery  
  17  0:57  Drone  
  17  1:00  Drone  
  18  1:22  Hatchery  
  18  1:24  Drone  
  18  1:37  Spawning Pool  
  17  1:40  Drone  
  17  1:43  Drone  
  17  1:46  Drone  
  20  1:52  Drone  
  21  2:02  Drone  
  21  2:07  Overlord  
  22  2:13  Drone  
  23  2:17  Drone  
  24  2:23  Queen x2  
  24  2:26  Zergling x2  
  29  2:30  Drone  
  29  2:33  Queen  
  29  2:35  Drone  
  33  2:37  Drone  
  33  2:40  Drone  
  35  2:44  Overlord  
  35  2:51  Overlord  
  35  2:54  Drone  
  35  2:55  Drone  
  37  2:59  Queen  
  37  3:03  Queen  
  41  3:09  Queen  
  41  3:12  Drone x2  
  45  3:15  Drone  
  45  3:16  Drone  
  47  3:20  Drone x2  
  47  3:23  Drone x2  
  50  3:29  Overlord  
  50  3:30  Zergling x2  
  50  3:33  Zergling x6  
  54  3:39  Zergling x4  
  56  3:46  Overlord  
  56  3:47  Drone x2  
  58  3:48  Drone  
  58  3:50  Extractor x2  
  58  3:51  Drone  
  58  3:54  Overlord  
  58  3:56  Spore Crawler, Drone  
  58  3:57  Spore Crawler  
  58  3:58  Spore Crawler  
  58  4:00  Drone  
  57  4:07  Drone x3  
  57  4:08  Drone x2  
  62  4:12  Drone x2  
  62  4:13  Drone x2  
  66  4:18  Drone x2, Extractor  
  66  4:19  Drone  
  66  4:20  Extractor x3  
  66  4:21  Drone  
  66  4:22  Drone  
  67  4:24  Drone  
  67  4:29  Drone  
  67  4:31  Drone  
  70  4:35  Drone  
  71  4:38  Lair  
  71  4:40  Drone, Roach Warren  
  71  4:43  Drone x2  
  73  4:46  Evolution Chamber, Drone x2  
  73  4:48  Drone  
  73  4:50  Drone  
  73  4:52  Overlord  
  76  4:56  Metabolic Boost  
  77  5:00  Drone x2  
  77  5:05  Drone x4  
  80  5:08  Drone  
  80  5:11  Overlord  
  80  5:13  Zerg Melee Weapons Level 1  
  81  5:19  Overlord x2  
  81  5:21  Drone  
  82  5:24  Drone  
  82  5:26  Drone x2  
  85  5:34  Hatchery  
  84  5:37  Drone  
  84  5:38  Drone  
  84  5:39  Drone x2, Infestation Pit  
  87  5:44  Roach x2  
  87  5:45  Roach  
  93  5:51  Roach x3  
  93  5:52  Roach  
  93  5:55  Overlord  
  93  5:56  Overlord  
  101  6:06  Overlord x3  
  101  6:20  Drone  
  101  6:21  Drone  
  101  6:22  Hive  
  101  6:23  Queen x2  
  107  6:31  Extractor  
  106  6:33  Drone x2, Infestor  
  106  6:34  Infestor x2  
  106  6:36  Extractor  
  113  6:41  Drone x5  
  113  6:42  Drone x3  
  121  6:59  Queen  
  122  7:09  Drone  
  122  7:11  Spire, Queen x2  
  122  7:14  Spore Crawler  
  125  7:22  Spore Crawler  
  124  7:23  Spore Crawler  
  124  7:24  Drone x3  
  124  7:25  Drone x2, Spore Crawler  
  124  7:26  Spore Crawler  
  124  7:28  Spore Crawler  
  125  7:34  Queen  
  119  7:38  Drone x4  
  119  7:40  Adrenal Glands, Zerg Melee Weapons Level 2  
  119  7:43  Evolution Chamber  
  119  7:44  Ultralisk Cavern  
  121  7:45  Drone x3  
  121  7:46  Drone x3  
  121  7:47  Drone x2, Queen x2  
  121  7:50  Pathogen Glands  
  131  8:09  Overlord x2  
  131  8:10  Zerg Ground Armor Level 1, Queen  
  133  8:18  Infestor x4  
  133  8:19  Infestor  
  143  8:20  Overlord  
  143  8:21  Overlord x3  
  143  8:22  Overlord x2  
  143  8:26  Queen  
  145  8:30  Roach x7  
  145  8:31  Overlord  
  145  8:32  Overlord  
  145  8:34  Chitinous Plating  
  159  8:40  Spore Crawler  
  159  8:41  Spore Crawler, Ravager x6  
  164  8:42  Roach x2  
  163  8:52  Roach  
  163  8:53  Roach x8  
  154  8:57  Roach x3  
  142  9:03  Roach x5  
  142  9:09  Roach x3  
  137  9:16  Ravager x2  
  137  9:17  Ravager x3  
  136  9:20  Ravager  
  136  9:22  Roach x6  
  135  9:28  Roach x2  
  135  9:29  Roach  
  128  9:36  Roach x4  
  119  9:41  Roach x3  
  101  9:45  Roach  
  101  9:46  Roach x2  
  101  9:48  Roach  
  93  9:53  Roach x2  
  84  10:00  Roach  
  84  10:01  Roach x2  
Tags
 
Add a new tag
Caveats
  • Supply blocks, unpowered buildings, or Contaminate may cause inaccurate times.
  • Supply counts are checked every 10 seconds.